[Event "Titled Tuesday Blitz December 14 2021"]
[White "Paravyan, David"]
[Black "Blohberger, Felix"]
[WhiteFideId "4194985"]
[BlackFideId "1632051"]
[WhiteElo "2656"]
[BlackElo "2416"]
[Result "1/2-1/2"]
[Round "05"]
[TimeControl "180+1"]
[Date "2021.12.14"]
[WhiteClock "0:00:05"]
[BlackClock "0:00:06"]

1. e4 Nf6 2. e5 Nd5 3. d4 d6 4. c4 Nb6 5. f4 dxe5 6. fxe5 Nc6 7. Be3 Bf5 8. Nc3 e6 9. Nf3 Be7 10. Be2 O-O 11. O-O f6 12. exf6 Bxf6 13. Qd2 Qe8 14. Rad1 Rd8 15. Qc1 Qg6 16. Kh1 Rd7 17. b3 Rfd8 18. d5 exd5 19. Nxd5 Nxd5 20. Rxd5 Be4 21. Rxd7 Rxd7 22. Qe1 h6 23. Qf2 a6 24. h3 Kh7 25. Kh2 Ne5 26. Bf4 Bxf3 27. Bxf3 Nxf3+ 28. Qxf3 c6 29. Rd1 Rxd1 30. Qxd1 Qe4 31. Qd2 Be5 32. Bxe5 Qxe5+ 33. Kg1 Qe4 34. Kf2 Kg6 35. Qc3 Qf4+ 36. Ke2 Qe4+ 37. Kf2 Qf4+ 38. Kg1 Qe4 39. a4 a5 40. c5 Qb4 41. Qd3+ Kf7 42. Qe3 Kg8 43. Kf2 Qh4+ 44. Kf3 Qh5+ 45. Kg3 Qd5 46. Qc3 Kf7 47. Kf2 Qf5+ 48. Ke3 Qe6+ 49. Kf4 Qf6+ 50. Qxf6+ Kxf6 51. h4 g6 52. Ke4 Ke6 53. g4 Kf6 54. Kd4 Ke6 55. Ke4 Kf6 56. Kf4 Ke6 57. Ke4 1/2-1/2


[Site "https://www.chess.com"]

[Event "Titled Tuesday Blitz December 14 2021"]
[White "Petrovskyi, Vadym"]
[Black "Belous, Vladimir"]
[WhiteFideId "14165210"]
[BlackFideId "4174003"]
[WhiteElo "2377"]
[BlackElo "2510"]
[Result "0-1"]
[Round "05"]
[TimeControl "180+1"]
[Date "2021.12.14"]
[WhiteClock "0:00:17"]
[BlackClock "0:01:02"]

1. e4 c5 2. Nf3 Nc6 3. d4 cxd4 4. Nxd4 e5 5. Nb5 d6 6. N1c3 a6 7. Na3 b5 8. Nd5 Nge7 9. c4 Nxd5 10. exd5 Nd4 11. cxb5 g6 12. Be3 Bg7 13. bxa6 O-O 14. Bd3 e4 15. Bc4 Nf5 16. Qd2 Nxe3 17. fxe3 Qb6 18. Rb1 Bh6 19. Nc2 Bxa6 20. Bxa6 Qxa6 21. a3 Rab8 22. Nb4 Qb6 23. Kf2 f5 24. Qd4 f4 25. Qxb6 fxe3+ 26. Kg3 Rxb6 27. Rhf1 Rbb8 28. Rbe1 Rf5 29. Nc6 Rxf1 30. Rxf1 Rxb2 31. Nd4 Bg7 32. Nc6 e2 33. Ne7+ Kh8 34. Rc1 Bc3 0-1


[Site "https://www.chess.com"]

[Event "Titled Tuesday Blitz December 14 2021"]
[White "Pichot, Alan"]
[Black "Shubin, Kirill"]
[WhiteFideId "110973"]
[BlackFideId "34119962"]
[WhiteElo "2629"]
[BlackElo "2501"]
[Result "1-0"]
[Round "05"]
[TimeControl "180+1"]
[Date "2021.12.14"]
[WhiteClock "0:00:06"]
[BlackClock "0:00:06"]

1. e4 e6 2. d4 d5 3. Nc3 Bb4 4. e5 b6 5. a3 Bf8 6. h4 c5 7. Nf3 Nc6 8. Bb5 Bd7 9. Bxc6 Bxc6 10. h5 h6 11. Be3 Rc8 12. Qd3 Qd7 13. O-O c4 14. Qe2 b5 15. Ne1 a5 16. f4 Ne7 17. g4 g6 18. hxg6 fxg6 19. Nd1 h5 20. Nf2 Kd8 21. Nf3 Kc7 22. Kg2 Bh6 23. Rh1 Rhf8 24. Qd2 Kb6 25. Rag1 Rf7 26. Kf1 Rcf8 27. Nh3 hxg4 28. Rxg4 Nf5 29. Bf2 Rh7 30. Ke2 Rfh8 31. Be1 Bxf4 32. Qxa5+ Kb7 33. Rxf4 Rxh3 34. Rxh3 Rxh3 35. Bb4 g5 36. Rg4 Qf7 37. Bc5 Qc7 38. Qxc7+ Kxc7 39. Nxg5 Rh2+ 40. Kf3 Bd7 41. c3 Rxb2 42. Nf7 Rc2 43. Bb4 Be8 44. Ng5 Bh5 45. Nxe6+ Kd7 46. Nf4 Bxg4+ 47. Kxg4 Ne3+ 48. Kf3 Nd1 49. Nxd5 Ke6 50. Nf4+ Kf5 51. Nd5 Rf2+ 52. Kg3 Rf1 53. Nc7 Ne3 54. e6 Rd1 55. e7 Re1 56. e8=Q Nf1+ 57. Kf2 Rxe8 58. Nxe8 Nd2 59. Nd6+ Ke6 60. Nxb5 Kd5 61. Ke3 Ne4 62. Nc7+ 1-0


[Site "https://www.chess.com"]

[Event "Titled Tuesday Blitz December 14 2021"]
[White "Pranav, V"]
[Black "Azadaliyev, Jahandar"]
[WhiteFideId "25060783"]
[BlackFideId "13425811"]
[WhiteElo "2351"]
[BlackElo "1795"]
[Result "1-0"]
[Round "05"]
[TimeControl "180+1"]
[Date "2021.12.14"]
[WhiteClock "0:01:02"]
[BlackClock "0:00:57"]

1. e4 c6 2. d4 d5 3. e5 Bf5 4. Nf3 e6 5. Be2 Nd7 6. O-O h6 7. c3 Ne7 8. Na3 Qc7 9. Nc2 g5 10. Ne3 Bh7 11. b3 O-O-O 12. a3 Rg8 13. a4 Nf5 14. a5 g4 15. Nd2 h5 16. Nxf5 Bxf5 17. b4 h4 18. b5 g3 19. fxg3 hxg3 20. bxc6 gxh2+ 21. Kh1 Qxc6 22. a6 Bh6 23. axb7+ Kb8 24. Ba3 Nb6 25. Bc5 Rg3 26. Bf3 Bd3 27. Nb3 Bxf1 28. Qxf1 Bf8 29. Na5 Qc7 30. Qa6 1-0


[Site "https://www.chess.com"]

[Event "Titled Tuesday Blitz December 14 2021"]
[White "Seo, Jung Min"]
[Black "Wagner, Dinara"]
[WhiteFideId "1734687"]
[BlackFideId "24157570"]
[WhiteElo "2401"]
[BlackElo "2216"]
[Result "1/2-1/2"]
[Round "05"]
[TimeControl "180+1"]
[Date "2021.12.15"]
[WhiteClock "0:00:03"]
[BlackClock "0:00:07"]

1. e4 c5 2. Nf3 d6 3. d4 cxd4 4. Nxd4 Nf6 5. Nc3 a6 6. h3 e6 7. g4 h6 8. Bg2 g5 9. Be3 Nbd7 10. Qe2 Ne5 11. f4 gxf4 12. Bxf4 Qc7 13. O-O-O b5 14. Nf5 exf5 15. exf5 Rb8 16. Rhe1 Be7 17. Kb1 b4 18. Nd5 Nxd5 19. Rxd5 Bf6 20. Red1 Rb6 21. R1d2 Bb7 22. R5d4 Bxg2 23. Qxg2 Ke7 24. Qe4 Qc6 25. Qe3 Qf3 26. Qg1 Qxh3 27. R4d3 Qxg4 28. Qxb6 Qxf4 29. Qxd6+ Ke8 30. Qxf6 Nxd3 31. Re2+ Kd7 32. Qxf7+ Kc8 33. Qe6+ Kb8 34. cxd3 Qf1+ 35. Kc2 Rc8+ 36. Kb3 Qd1+ 37. Kxb4 Qxd3 38. Qe5+ Ka7 39. Qe3+ Qxe3 40. Rxe3 Rc2 41. Re7+ Kb6 42. Re6+ Kb7 43. Kb3 Rf2 44. f6 h5 45. Re7+ Kb6 46. f7 h4 47. Re6+ Kb7 48. Re7+ Kb6 49. Re4 Rxf7 50. Rxh4 Rf3+ 51. Ka4 Rf2 52. Ka3 Rf3+ 53. b3 Rf2 54. b4 Rf3+ 55. Ka4 Rf2 56. a3 Rf3 57. Rh6+ Kb7 58. Re6 Rd3 59. Re4 Rf3 60. Re2 Rg3 61. Rb2 Rf3 62. Rb3 Rf5 63. Re3 Rg5 64. Kb3 Rg4 65. a4 Rg1 66. Kc4 Rg4+ 67. Kc5 Rg5+ 68. Kd4 Rg4+ 69. Re4 Rg1 70. Kc5 Rg5+ 71. Kd6 Rg1 72. Kd5 Rc1 73. Re7+ Kb6 74. Re6+ Kb7 75. Re4 Rc2 76. Rc4 Rd2+ 77. Kc5 Ra2 78. a5 Rh2 79. Rd4 Rh5+ 80. Rd5 Rh7 81. Rd6 Rc7+ 82. Kd5 Rh7 83. Re6 Rh5+ 84. Kd6 Rb5 85. Re7+ Kb8 86. Re4 Kb7 87. Rd4 Kb8 88. Kc6 Ka7 89. Rd7+ Kb8 90. Rd4 Ka7 91. Rh4 Kb8 92. Kd6 Kb7 93. Rg4 Kb8 94. Kc6 Ka7 95. Rg8 Rxb4 96. Rg7+ Ka8 97. Rg6 Rb5 98. Rg7 Kb8 99. Rg6 Ka8 100. Rg8+ Ka7 101. Rg7+ Kb8 102. Rg8+ Ka7 103. Rg7+ Kb8 1/2-1/2


[Site "https://www.chess.com"]

[Event "Titled Tuesday Blitz December 14 2021"]
[White "Stanojevic, Ilija"]
[Black "Vidit, Santosh Gujrathi"]
[WhiteFideId "959995"]
[BlackFideId "5029465"]
[WhiteElo "2154"]
[BlackElo "2628"]
[Result "1-0"]
[Round "05"]
[TimeControl "180+1"]
[Date "2021.12.14"]
[WhiteClock "0:00:20"]
[BlackClock "0:00:05"]

1. d4 Nf6 2. Nc3 d5 3. Bf4 a6 4. e3 c5 5. dxc5 e6 6. Na4 Bxc5 7. Nxc5 Qa5+ 8. c3 Qxc5 9. Nf3 O-O 10. Be2 Nc6 11. O-O Qe7 12. Ne5 Rd8 13. Nxc6 bxc6 14. Be5 a5 15. Bxf6 Qxf6 16. Qd4 Qe7 17. a4 Rb8 18. b4 axb4 19. Qe5 Qa7 20. cxb4 Rxb4 21. Rfc1 c5 22. Bb5 c4 23. Qc3 Rb3 24. Qd2 Rf8 25. Rab1 Rxb1 26. Rxb1 Bd7 27. Bxd7 Qxd7 28. a5 Ra8 29. Qa2 h6 30. a6 Qa7 31. Ra1 Qb6 32. a7 c3 33. h4 Qc5 34. h5 e5 35. Qb3 Qc8 36. Qxd5 c2 37. Kh2 Rxa7 38. Rxa7 c1=Q 39. Qxf7+ Kh8 40. Qxg7# 1-0


[Site "https://www.chess.com"]

[Event "Titled Tuesday Blitz December 14 2021"]
[White "Svane, Rasmus"]
[Black "Belyakov, Bogdan"]
[WhiteFideId "4657101"]
[BlackFideId "24104795"]
[WhiteElo "2643"]
[BlackElo "2407"]
[Result "0-1"]
[Round "05"]
[TimeControl "180+1"]
[Date "2021.12.14"]
[WhiteClock "0:00:06"]
[BlackClock "0:00:46"]

1. Nf3 Nf6 2. g3 g6 3. Bg2 Bg7 4. O-O O-O 5. d4 d6 6. Re1 Nc6 7. d5 Nb8 8. c4 e5 9. dxe6 Bxe6 10. Nd4 Bc8 11. Nc3 Re8 12. Bf4 Nbd7 13. Qd2 Ne5 14. b3 a6 15. Rad1 Qe7 16. Bg5 Qf8 17. h3 h6 18. Be3 Rb8 19. Nd5 Nxd5 20. cxd5 b5 21. Rc1 Rb7 22. Rc2 Kh7 23. Rec1 Re7 24. f4 Nd7 25. Rxc7 Rxc7 26. Rxc7 Qd8 27. Rc1 Qe8 28. Bf2 Nc5 29. Nc6 Rxe2 30. Qd1 Bf5 31. Bxc5 dxc5 32. g4 Qe3+ 33. Kh1 Be4 34. Qxe2 Qxe2 35. Rg1 Qe3 36. Kh2 0-1


[Site "https://www.chess.com"]

[Event "Titled Tuesday Blitz December 14 2021"]
[White "Talibov, Shiroghlan"]
[Black "Moskvin, Anatoly"]
[WhiteFideId "13429078"]
[BlackFideId "24199990"]
[WhiteElo "2073"]
[BlackElo "2079"]
[Result "0-1"]
[Round "05"]
[TimeControl "180+1"]
[Date "2021.12.15"]
[WhiteClock "0:00:04"]
[BlackClock "0:00:05"]

1. c4 e5 2. Nc3 Nc6 3. Nf3 f5 4. e4 Nf6 5. exf5 e4 6. Nh4 Bc5 7. Be2 O-O 8. O-O d6 9. d3 exd3 10. Bxd3 Ne5 11. Bg5 Nf7 12. Bf4 a6 13. Bg3 Ba7 14. Qd2 Nh5 15. Rfe1 Nxg3 16. hxg3 Ne5 17. Bc2 Kh8 18. Re4 g5 19. Nf3 Nxf3+ 20. gxf3 Bxf5 21. Re2 Bxc2 22. Qxc2 Rxf3 23. Kg2 Rf7 24. Qe4 c6 25. Rd1 Qf8 26. Rdd2 Rd8 27. Nd1 Rdd7 28. Qd3 d5 29. Qc3+ Kg8 30. cxd5 Rxd5 31. Rxd5 cxd5 32. Qd3 Rf5 33. b3 Qf7 34. Qc2 g4 35. Qc8+ Kg7 36. Qc3+ d4 37. Qd3 Qd5+ 38. Kg1 Rh5 39. Re4 Rg5 40. Ne3 Qd7 41. Nc4 h5 42. Ne5 Qf5 43. Rxd4 Qxe5 44. Rd7+ Kf6 45. Rd6+ Ke7 46. Rd7+ Ke6 47. Rd8 Qe1+ 48. Kh2 Qxf2+ 0-1


[Site "https://www.chess.com"]

[Event "Titled Tuesday Blitz December 14 2021"]
[White "Tari, Aryan"]
[Black "Maly, Alexey"]
[WhiteFideId "1510045"]
[BlackFideId "14103184"]
[WhiteElo "2656"]
[BlackElo "2294"]
[Result "1/2-1/2"]
[Round "05"]
[TimeControl "180+1"]
[Date "2021.12.14"]
[WhiteClock "0:00:29"]
[BlackClock "0:00:08"]

1. e4 c6 2. d4 d5 3. exd5 cxd5 4. Nf3 Nc6 5. Ne5 Nf6 6. Bb5 Bd7 7. Nxd7 Qxd7 8. O-O e6 9. c3 a6 10. Bd3 Be7 11. Nd2 O-O 12. Re1 b5 13. Nf3 Qc7 14. h3 b4 15. Bg5 bxc3 16. bxc3 Rfc8 17. Re3 Nd7 18. Bxe7 Nxe7 19. Bxh7+ Kxh7 20. Ng5+ Kg8 21. Qh5 Ng6 22. Qh7+ Kf8 23. Rxe6 Nf6 24. Rxf6 gxf6 25. Qh6+ Kg8 26. Qh7+ Kf8 27. Qh6+ Ke7 28. Re1+ Kd6 29. Qg7 fxg5 30. Qf6+ Kd7 31. Qxf7+ Kc6 32. Qxg6+ Kb7 33. Qf5 Rd8 34. Qxg5 Ka7 35. c4 dxc4 36. Re7 Rd7 37. Qc5+ Kb7 38. Qb4+ Kc8 39. Re8+ Rd8 40. Re7 Rd7 41. Re8+ Rd8 42. Re7 Rd7 1/2-1/2


[Site "https://www.chess.com"]

[Event "Titled Tuesday Blitz December 14 2021"]
[White "Thavandiran, Shiyam"]
[Black "Sarana, Alexey"]
[WhiteFideId "2605058"]
[BlackFideId "24133795"]
[WhiteElo "2357"]
[BlackElo "2672"]
[Result "0-1"]
[Round "05"]
[TimeControl "180+1"]
[Date "2021.12.14"]
[WhiteClock "0:00:08"]
[BlackClock "0:00:47"]

1. e4 c5 2. Nf3 d6 3. d4 cxd4 4. Nxd4 Nf6 5. Nc3 a6 6. h3 b5 7. a4 b4 8. Nd5 e6 9. Nxf6+ Qxf6 10. g4 Bb7 11. Bg2 Qd8 12. O-O Be7 13. Bd2 a5 14. c3 bxc3 15. Bxc3 O-O 16. Rc1 Nd7 17. Nb5 Nc5 18. Re1 e5 19. b4 axb4 20. Bxb4 Qb6 21. Bxc5 dxc5 22. Nc3 Rfd8 23. Nd5 Bxd5 24. exd5 Bd6 25. Rb1 Qa5 26. Re4 g6 27. Bf1 f5 28. gxf5 gxf5 29. Rb7 Ra7 30. Rxa7 Qxa7 31. Re3 e4 32. Qh5 Qg7+ 33. Kh1 Kh8 34. Qxf5 Rg8 35. Rg3 Bxg3 36. fxg3 Qxg3 37. Qf6+ Qg7 38. Qxg7+ Kxg7 39. a5 Kf6 40. Bb5 Ke5 41. Bc6 c4 42. a6 c3 0-1


[Site "https://www.chess.com"]

[Event "Titled Tuesday Blitz December 14 2021"]
[White "Timofeev, Artyom"]
[Black "Svane, Frederik"]
[WhiteFideId "4140419"]
[BlackFideId "12923044"]
[WhiteElo "2628"]
[BlackElo "2459"]
[Result "1-0"]
[Round "05"]
[TimeControl "180+1"]
[Date "2021.12.14"]
[WhiteClock "0:00:15"]
[BlackClock "0:00:01"]

1. c4 c5 2. Nf3 g6 3. g3 Nc6 4. Bg2 Bg7 5. O-O d6 6. Nc3 Bf5 7. h3 Nf6 8. d3 O-O 9. Bd2 Rb8 10. Ne1 Qd7 11. Kh2 Be6 12. Nc2 d5 13. cxd5 Nxd5 14. Ne3 Nxe3 15. Bxe3 Nd4 16. Qd2 Rfd8 17. Bh6 Bh8 18. b3 Rbc8 19. Rac1 b6 20. Ne4 Bd5 21. Bg5 Bg7 22. Rfe1 Bb7 23. Bh6 Bh8 24. h4 Nf5 25. Bf4 h5 26. Red1 Bd5 27. Qe1 Qb7 28. Qf1 Nd4 29. Be3 Nf5 30. Bd2 Nd4 31. Bc3 f5 32. Bxd4 cxd4 33. Ng5 Bxg2 34. Qxg2 Qxg2+ 35. Kxg2 Rc3 36. Rxc3 dxc3 37. Rc1 Bf6 38. b4 Rc8 39. Rc2 Bxg5 40. hxg5 e5 41. e4 Kf7 42. Kf3 Ke6 43. Ke3 Rc7 44. a4 Rc8 45. f3 Rc7 46. b5 Rc8 47. d4 exd4+ 48. Kxd4 f4 49. gxf4 h4 50. Kd3 h3 51. Rc1 c2 52. Ke2 1-0


[Site "https://www.chess.com"]

[Event "Titled Tuesday Blitz December 14 2021"]
[White "Tologon tegin, Semetei"]
[Black "Berezin, Viktor"]
[WhiteFideId "13800574"]
[BlackFideId "14107872"]
[WhiteElo "2224"]
[BlackElo "2310"]
[Result "1-0"]
[Round "05"]
[TimeControl "180+1"]
[Date "2021.12.15"]
[WhiteClock "0:00:11"]
[BlackClock "0:00:02"]

1. e4 d5 2. exd5 Nf6 3. Nc3 g6 4. Nf3 Bg7 5. Bc4 O-O 6. O-O a6 7. a4 b6 8. Re1 Bb7 9. d4 Re8 10. Bg5 Nxd5 11. Nxd5 Bxd5 12. Bxd5 Qxd5 13. Rxe7 Rxe7 14. Bxe7 Nc6 15. Bh4 Nxd4 16. Nxd4 Qxd4 17. Qxd4 Bxd4 18. c3 Bc5 19. Re1 Kg7 20. Bg3 Bd6 21. Bxd6 cxd6 22. Rd1 Rd8 23. f4 d5 24. Kf2 Kf6 25. Ke3 Kf5 26. Kd4 h5 27. Re1 f6 28. Re7 Rd6 29. g3 h4 30. b4 hxg3 31. hxg3 Kg4 32. Re3 g5 33. fxg5 fxg5 34. Ke5 Rd8 35. Rd3 b5 36. axb5 axb5 37. Kd4 Kf5 38. Kc5 Ke4 39. Rd4+ Ke5 40. Kxb5 Rc8 41. Rd3 Ke4 42. Rd4+ Ke5 43. Rg4 Rxc3 44. Rxg5+ Kd6 45. Rg8 Rc1 46. g4 d4 47. g5 Ke5 48. g6 d3 49. g7 Rg1 50. Rd8 Rxg7 51. Rxd3 Rb7+ 52. Ka4 Ke4 53. Rd8 Ra7+ 54. Kb3 Rb7 55. Kc3 Rc7+ 56. Kb2 Ke5 57. Kb3 Ke6 58. Rd4 Rd7 59. Rc4 Kd6 60. b5 Kd5 61. Kb4 Kd6 62. Rc6+ Kd5 63. Rc1 Kd6 64. b6 Rb7 65. Kb5 Kd7 66. Ka6 Rb8 67. Ka7 Rh8 68. b7 Kd6 69. b8=Q+ Rxb8 70. Kxb8 Kd5 1-0


[Site "https://www.chess.com"]

[Event "Titled Tuesday Blitz December 14 2021"]
[White "Visakh N R"]
[Black "Agasarov, Benik"]
[WhiteFideId "25012223"]
[BlackFideId "13314823"]
[WhiteElo "2454"]
[BlackElo "2605"]
[Result "0-1"]
[Round "05"]
[TimeControl "180+1"]
[Date "2021.12.15"]
[WhiteClock "0:00:16"]
[BlackClock "0:00:13"]

1. e4 e5 2. Nf3 Nc6 3. Bb5 Bc5 4. O-O Nd4 5. Nxd4 Bxd4 6. c3 Bb6 7. d4 c6 8. Bc4 d6 9. dxe5 dxe5 10. Qxd8+ Bxd8 11. Be3 Nf6 12. f3 Bb6 13. Bxb6 axb6 14. a3 b5 15. Ba2 Ke7 16. Kf2 Be6 17. Bxe6 Kxe6 18. Nd2 Nd7 19. Nb3 f6 20. Rfd1 b6 21. Rd2 Rhd8 22. Rad1 Ke7 23. Ke3 Nf8 24. Rxd8 Rxd8 25. Rc1 Ne6 26. g3 c5 27. Re1 c4 28. Nc1 g6 29. Ke2 Nc5 30. Rd1 Na4 31. Na2 Rxd1 32. Kxd1 Nxb2+ 33. Kd2 Nd3 34. Nb4 Nxb4 35. axb4 f5 36. Ke3 Kf6 37. h3 h5 38. h4 g5 39. hxg5+ Kxg5 40. exf5 Kxf5 41. Kf2 Kg5 42. Ke3 Kf5 43. Ke2 Ke6 44. Kf2 Kf6 45. Kg2 Kg5 46. Kh3 Kh6 47. Kh2 Kg6 48. Kg2 Kg5 49. Kh3 Kg6 50. Kh4 Kh6 51. g4 hxg4 52. fxg4 Kg6 53. Kg3 Kf6 54. Kf2 Kg5 55. Kf3 Kh4 56. Ke4 Kxg4 57. Kxe5 Kf3 58. Kd5 Ke3 59. Kc6 Kd3 60. Kxb6 Kxc3 61. Kxb5 Kb3 62. Ka5 c3 63. b5 c2 64. b6 c1=Q 65. b7 Qc7+ 0-1


[Site "https://www.chess.com"]

[Event "Titled Tuesday Blitz December 14 2021"]
[White "Wang, Justin"]
[Black "Chigaev, Maksim"]
[WhiteFideId "30911370"]
[BlackFideId "4108116"]
[WhiteElo "2478"]
[BlackElo "2546"]
[Result "1-0"]
[Round "05"]
[TimeControl "180+1"]
[Date "2021.12.14"]
[WhiteClock "0:01:19"]
[BlackClock "0:00:02"]

1. e4 e6 2. d4 d5 3. exd5 exd5 4. Nf3 Bd6 5. c4 Nf6 6. c5 Be7 7. Nc3 O-O 8. Be2 Re8 9. O-O Nbd7 10. Bd3 Nf8 11. Qc2 c6 12. h3 Ne6 13. Re1 g6 14. b4 Nh5 15. Be3 Bf6 16. Qd2 Bd7 17. b5 Qc7 18. a4 a5 19. b6 Qd8 20. g3 Bg7 21. Bf1 f5 22. Ne2 Nf6 23. Qc1 Ne4 24. h4 Re7 25. Nf4 Qf8 26. Nxe6 Bxe6 27. Bf4 Rae8 28. Ra2 Bc8 29. Rc2 h6 30. Ne5 Qf6 31. f3 g5 32. fxe4 gxf4 33. exd5 fxg3 34. Qf4 cxd5 35. Bb5 Rf8 36. Rg2 Be6 37. Re3 Kh7 38. Rexg3 Bh8 39. Rg6 1-0


[Site "https://www.chess.com"]

[Event "Titled Tuesday Blitz December 14 2021"]
[White "Xiong, Jeffery"]
[Black "Gabrielian, Artur"]
[WhiteFideId "2047640"]
[BlackFideId "4131002"]
[WhiteElo "2727"]
[BlackElo "2440"]
[Result "1-0"]
[Round "05"]
[TimeControl "180+1"]
[Date "2021.12.14"]
[WhiteClock "0:00:10"]
[BlackClock "0:00:06"]

1. e4 c5 2. Nc3 d6 3. f4 Nc6 4. Nf3 e6 5. d4 cxd4 6. Nxd4 Nf6 7. Be3 Be7 8. Qf3 e5 9. Nf5 Bxf5 10. exf5 O-O 11. O-O-O Rc8 12. g4 exf4 13. Bxf4 Nd7 14. h4 Nde5 15. Qg3 Qa5 16. a3 Rfe8 17. g5 Bf8 18. h5 Ne7 19. Bh3 Nc4 20. g6 Qb6 21. b3 Nxa3 22. gxf7+ Kxf7 23. f6 gxf6 24. Rxd6 Nc6 25. Rxf6+ Kxf6 26. Qg5+ Kf7 27. Nd5 Nd4 28. Nxb6 Rxc2+ 29. Kd1 Nb1 30. Qd5+ Re6 31. Bxe6+ Nxe6 32. Kxc2 Na3+ 33. Kb2 axb6 34. Rf1 1-0


[Site "https://www.chess.com"]

[Event "Titled Tuesday Blitz December 14 2021"]
[White "Yang, Kaiqi"]
[Black "Korchmar, Vasiliy"]
[WhiteFideId "8604398"]
[BlackFideId "24131750"]
[WhiteElo "2373"]
[BlackElo "2370"]
[Result "0-1"]
[Round "05"]
[TimeControl "180+1"]
[Date "2021.12.15"]
[WhiteClock "0:00:02"]
[BlackClock "0:00:09"]

1. e4 c5 2. Nc3 d6 3. d4 cxd4 4. Qxd4 Nc6 5. Qd2 Nf6 6. b3 e6 7. Bb2 Be7 8. O-O-O O-O 9. f4 a6 10. g4 b5 11. g5 Nd7 12. Nf3 Bb7 13. Rg1 Rc8 14. Kb1 Nc5 15. Bd3 Nb4 16. f5 exf5 17. exf5 Bxf3 18. Rdf1 Ncxd3 19. cxd3 Bh5 20. a3 d5 21. f6 Nxd3 22. fxe7 Qxe7 23. Nxd5 Qe4 24. Nf6+ gxf6 25. gxf6+ Kh8 26. Qh6 Nxb2+ 27. Ka2 Rg8 28. Rc1 Rcd8 29. Rxg8+ Rxg8 30. Rc8 Qg4 31. Rf8 Nd3 32. Rxg8+ Kxg8 33. Qxh5 Qg2+ 34. Ka1 Qb2# 0-1


[Site "https://www.chess.com"]

[Event "Titled Tuesday Blitz December 14 2021"]
[White "Yedidia, Daniel"]
[Black "Murzin, Volodar"]
[WhiteFideId "30905907"]
[BlackFideId "44155573"]
[WhiteElo "2537"]
[BlackElo "2481"]
[Result "0-1"]
[Round "05"]
[TimeControl "180+1"]
[Date "2021.12.15"]
[WhiteClock "0:00:09"]
[BlackClock "0:00:19"]

1. d4 Nf6 2. c4 g6 3. Nc3 Bg7 4. e4 O-O 5. Nf3 d6 6. Be2 e5 7. Be3 Ng4 8. Bg5 f6 9. Bh4 Nc6 10. dxe5 Ngxe5 11. Nxe5 dxe5 12. Qd5+ Kh8 13. Qxd8 Nxd8 14. f3 c6 15. Bf2 Ne6 16. O-O-O Re8 17. Kb1 Bf8 18. Na4 b6 19. a3 Rb8 20. g3 Rb7 21. Rd2 Rf7 22. Rhd1 f5 23. Be3 c5 24. Nc3 Nd4 25. Nd5 fxe4 26. fxe4 Nxe2 27. Rxe2 Bg4 28. Rde1 Bxe2 29. Rxe2 h5 30. Kc2 Kh7 31. Kd3 Bh6 32. b4 Bxe3 33. Rxe3 Rf2 34. h4 Ref8 35. Re1 Ra2 36. bxc5 bxc5 0-1


[Site "https://www.chess.com"]

[Event "Titled Tuesday Blitz December 14 2021"]
[White "Yeremyan, Alen"]
[Black "Dubov, Daniil"]
[WhiteFideId "13308998"]
[BlackFideId "24126055"]
[WhiteElo "2158"]
[BlackElo "2749"]
[Result "0-1"]
[Round "05"]
[TimeControl "180+1"]
[Date "2021.12.14"]
[WhiteClock "0:00:13"]
[BlackClock "0:00:08"]

1. e4 e5 2. Nf3 Nc6 3. d4 exd4 4. Nxd4 Qh4 5. Nc3 Bb4 6. Qd3 Nf6 7. Bd2 Bxc3 8. Bxc3 Qxe4+ 9. Qxe4+ Nxe4 10. Nxc6 Nxc3 11. Nd4 Ne4 12. f3 Nf6 13. O-O-O a6 14. Bd3 d6 15. Rhe1+ Kd8 16. c4 Bd7 17. Bf5 g6 18. Bc2 Re8 19. Nb3 Rxe1 20. Rxe1 c5 21. Nd2 Kc7 22. Re7 Rf8 23. Nb1 Kd8 24. Re1 Re8 25. Rd1 Kc7 26. Nc3 Bc6 27. Bb3 g5 28. Kd2 Re7 29. Bc2 b5 30. Bd3 Kb6 31. b3 h5 32. h3 h4 33. Ne2 Nh5 34. Rf1 Nf4 35. Nxf4 gxf4 36. Rc1 b4 37. Rd1 a5 38. Be2 a4 39. Bd3 Ra7 40. Bc2 axb3 41. axb3 Ra2 42. Kc1 Ra1+ 43. Bb1 Kc7 44. Kb2 Ra8 45. Re1 Re8 46. Rxe8 Bxe8 47. Bd3 Bc6 48. Kc2 Kd7 49. Bf5+ Ke7 50. Bd3 Kf6 51. Bh7 Ke5 52. Kd3 d5 53. Bg8 f6 54. Bf7 dxc4+ 55. Kxc4 Kd6 56. Bg8 Bb7 57. Kb5 Bd5 0-1


[Site "https://www.chess.com"]

[Event "Titled Tuesday Blitz December 14 2021"]
[White "Zierk, Steven"]
[Black "Punin, Andrii"]
[WhiteFideId "2034255"]
[BlackFideId "14112639"]
[WhiteElo "2494"]
[BlackElo "2357"]
[Result "1-0"]
[Round "05"]
[TimeControl "180+1"]
[Date "2021.12.14"]
[WhiteClock "0:00:22"]
[BlackClock "0:00:08"]

1. e4 c6 2. d4 d5 3. exd5 cxd5 4. Bd3 Nc6 5. c3 Qc7 6. Ne2 Bg4 7. O-O Bh5 8. f4 e6 9. Qe1 Nf6 10. Ng3 Bd6 11. Nxh5 Nxh5 12. g3 Nf6 13. Nd2 g6 14. Nf3 Kf8 15. f5 exf5 16. Bh6+ Kg8 17. Bxf5 Re8 18. Qd2 Bf8 19. Rae1 Ne4 20. Bxe4 dxe4 21. Bxf8 Rxf8 22. Rxe4 h5 23. Ng5 Nd8 24. Qe3 h4 25. g4 h3 26. Re7 Qc6 27. Qg3 Qd5 28. Ne4 Kg7 29. Nf6 Qc6 30. Rc7 Qe6 31. g5 Qe2 32. Nd7 Nc6 33. Nxf8 Rxf8 34. Qxh3 Qd2 35. Rfxf7+ Rxf7 36. Qh6+ Kg8 37. Rc8+ Rf8 38. Rxf8# 1-0


[Site "https://www.chess.com"]

[Event "Titled Tuesday Blitz December 14 2021"]
[White "Agasarov, Benik"]
[Black "Horvath, Dominik"]
[WhiteFideId "13314823"]
[BlackFideId "1642561"]
[WhiteElo "2617"]
[BlackElo "2336"]
[Result "1-0"]
[Round "06"]
[TimeControl "180+1"]
[Date "2021.12.14"]
[WhiteClock "0:01:09"]
[BlackClock "0:00:12"]

1. d4 Nf6 2. c4 e6 3. Nc3 Bb4 4. Nf3 d5 5. Qa4+ Nc6 6. a3 Bxc3+ 7. bxc3 Ne4 8. e3 Nxc3 9. Qc2 Ne4 10. Bd3 f5 11. O-O O-O 12. Rb1 Rf6 13. a4 Qe7 14. cxd5 exd5 15. Qb3 Qe6 16. Ba3 b6 17. Rfc1 Bd7 18. Ne5 Nd2 19. Qa2 Nxb1 20. Nxd7 Qxd7 21. Qxb1 Na5 22. Qc2 h6 23. h4 c6 24. Bb4 f4 25. e4 dxe4 26. Bxe4 Re8 27. Bxa5 bxa5 28. Bxc6 Qg4 29. Bxe8 f3 30. g3 Qh3 31. Qc4+ Kf8 32. Qf1 Qxf1+ 33. Kxf1 Kxe8 34. Rc8+ Kd7 35. Rg8 g6 36. Ke1 Re6+ 37. Kf1 Rb6 38. Rg7+ Kd6 39. Rxg6+ Kd5 40. Rxb6 axb6 41. g4 b5 42. g5 hxg5 43. hxg5 bxa4 44. g6 Ke6 45. d5+ Kf6 46. d6 a3 47. d7 Ke7 48. g7 a2 49. d8=Q+ Kf7 50. g8=Q# 1-0


[Site "https://www.chess.com"]

[Event "Titled Tuesday Blitz December 14 2021"]
[White "Alikhanov, Felix"]
[Black "Zierk, Steven"]
[WhiteFideId "4157427"]
[BlackFideId "2034255"]
[WhiteElo "2425"]
[BlackElo "2494"]
[Result "1/2-1/2"]
[Round "06"]
[TimeControl "180+1"]
[Date "2021.12.14"]
[WhiteClock "0:00:15"]
[BlackClock "0:00:11"]

1. e4 e6 2. d4 d5 3. Nd2 c5 4. Ngf3 cxd4 5. exd5 Qxd5 6. Bc4 Qd7 7. Nb3 Nc6 8. Qe2 a6 9. Bf4 b5 10. Bd3 Bb4+ 11. Bd2 Bxd2+ 12. Qxd2 e5 13. O-O-O Nge7 14. Rhe1 f6 15. c3 dxc3 16. Qxc3 Qc7 17. Kb1 Bg4 18. Rc1 Bxf3 19. gxf3 O-O 20. Nc5 Nd4 21. f4 Nd5 22. Qd2 Nxf4 23. Ne6 Qxc1+ 24. Rxc1 Ndxe6 25. Bf5 Nd4 26. Be4 Rad8 27. Qa5 Rd6 28. Qc7 Rfd8 29. a3 a5 30. Qb7 Nb3 31. Rc7 Rd1+ 32. Ka2 Nc1+ 33. Rxc1 Rxc1 34. Qxb5 h5 35. Qxa5 Rcc8 36. a4 Rd4 37. Bb7 Rb8 38. Qc7 Rdd8 39. a5 Nd3 40. Qc4+ Kh8 41. a6 Rd4 42. Qc7 Nb4+ 43. Ka3 Nxa6 44. Bxa6 Rdb4 45. Qc3 Rxb2 46. Qxb2 Rxb2 47. Kxb2 Kh7 48. Kc3 Kg6 49. Kd3 Kf5 50. Ke3 Kg4 51. Bc8+ f5 52. f3+ Kg5 53. Bd7 g6 54. Be8 h4 55. Bf7 Kf6 56. Be8 Kg5 57. Bf7 Kf6 58. Be8 g5 59. h3 Ke7 60. Bg6 Kf6 61. Bh7 Ke6 62. Kf2 Kf6 63. Ke3 Ke6 64. Kf2 Kf6 65. Bg8 Kg7 66. Bb3 Kf6 67. Bc2 Ke6 68. Ke3 Kf6 69. Kf2 Ke6 70. Bd3 Kf6 71. Ba6 Ke6 72. Bc8+ Kf6 73. Ke3 Kg6 74. Bd7 Kf6 75. Bc8 Kg6 76. Kd3 Kf6 77. Kc4 g4 78. fxg4 fxg4 79. hxg4 Kg5 80. Kd3 h3 81. Bb7 Kxg4 82. Ke4 h2 83. Kxe5 Kg3 84. Bh1 Kf2 85. Kf4 Kg1 86. Kg3 Kxh1 87. Kf2 1/2-1/2


[Site "https://www.chess.com"]